 Dungeon Crawl Stone Soup version 0.29.0-4-gdea44cf6ec (webtiles) character file.

Game seed: 17850844214374307851

48 qw the Chopper (level 3, 0/21 HPs)
             Began as a Tengu Warper on Aug 28, 2022.
             Succumbed to their own poison gas
             ... on level 2 of the Dungeon.
             The game lasted 00:00:09 (1931 turns).

qw the Chopper (Tengu Warper)                       Turns: 1931, Time: 00:00:09

Health: 0/21       AC:  6    Str: 13    XL:     3   Next: 72%
Magic:  7/7        EV: 12    Int: 13    God:
Gold:   122        SH:  0    Dex: 13    Spells: 6/6 levels left

rFire   . . .      SeeInvis .   Y - +0 hand axe
rCold   . . .      Faith    .   (no shield)
rNeg    . . .      Spirit   .   h - +3 leather armour {Will+}
rPois   .          Reflect  .   (helmet restricted)
rElec   .          Harm     .   (no cloak)
rCorr   .          Rampage  .   (no gloves)
Will    .....                   (boots unavailable)
Stlth   +.........              (no amulet)
HPRegen 0.07/turn               (no ring)
MPRegen 0.10/turn               (no ring)

@: mighty, lethally poisoned (0 -> -2), weak-willed
A: beak, talons 3
a: no special abilities


You were on level 2 of the Dungeon.
You visited 1 branch of the dungeon, and saw 2 of its levels.

You collected 122 gold pieces.


Innate Abilities, Weirdness & Mutations

You have a beak for a mouth.
You have claws for feet.


   Skills:
 - Level 2.0 Fighting
 + Level 4.3 Axes
 - Level 1.0 Throwing
 - Level 1.1 Armour
 - Level 2.1 Dodging
 - Level 2.0 Spellcasting
 - Level 2.4 Translocations


You had 6 spell levels left.
You didn't know any spells.
Your spell library contained the following spells:

 Spells                   Type           Power      Damage    Failure   Level
 Blink                    Tloc           14%        N/A       19%         2
 Gell's Gravitas          Tloc           7%         N/A       36%         3
 Lesser Beckoning         Tloc           7%         N/A       36%         3
 Teleport Other           Tloc           7%         N/A       36%         3
 Manifold Assault         Tloc           7%         N/A       98%         5

Inventory:

Hand Weapons
 d - a +0 whip
 Y - a +0 hand axe (weapon)
Armour
 h - a +3 leather armour of willpower (worn)
Potions
 e - a potion of attraction {unknown}
 g - a potion of magic {unknown}
 i - a potion of haste {unknown}
 k - a potion of might

Dungeon Overview and Level Annotations

Branches:
Dungeon (2/15)

Altars:


Message History

Your quokka is engulfed in poison gas.
Your quokka is poisoned.
You kill your quokka!
Your quokka's corpse dissolves into shadows!
Your kobold is engulfed in poison gas.
Your kobold is poisoned.
You kill your kobold!
Your kobold's corpse dissolves into shadows!
Your bat is engulfed in poison gas.
Your bat looks even sicker.
You kill your bat!
Your bat's corpse dissolves into shadows!
Done exploring.
(D) Dungeon
Where to? (* - list waypoints, Enter - D:2, ? - help)
What level of the Dungeon? (default 1, ? - help) Sorry, I don't know how to get there.
Done exploring.
1922 ||| Stepping randomly (stuck).
Really walk into that cloud of poison gas?
You are engulfed in poison gas.
You are poisoned.
You feel very sick.
1923 ||| Stepping ~*~*~tactically~*~*~ (cloud).
You feel very sick.
There is a lethal amount of poison in your body!
You feel very sick.
There is a lethal amount of poison in your body!
You feel sick.
There is a lethal amount of poison in your body!
You feel sick.
There is a lethal amount of poison in your body!
You feel sick.
There is a lethal amount of poison in your body!
You feel sick.
There is a lethal amount of poison in your body!
You feel sick.
There is a lethal amount of poison in your body!
You feel sick.
There is a lethal amount of poison in your body!
You die...

.............#.#.##..# #.....#
#####..##............# ###..##
#..#######.#####.# #..#
#####..# #.# #0# #..# .......#
#.# ##0########..# .#####.#
#.# ##0.0##.......# .# #.#
#.###00000#.#####.# .# #.#
#.##...0....# #.# .# #.#
#.0@.00.000.#####.# .# #.#
####0¤¤.000.......# .# #.#
####....0...###..### ## #.#
#....000.00......# #.#
#.#############..# ######.#
#..#...#(#...#...# .......#
#..#.#.#.#.#.#...#
#############....P....P......#
# #######......#.#)#.#.#.#...#


There were no monsters in sight!

Vanquished Creatures
  An adder (D:2)
  A worm (D:2)
  A dart slug (D:1)
  5 ball pythons
  3 bats
  3 endoplasms (D:1)
  2 goblins
  2 hobgoblins (D:1)
  7 kobolds
  A quokka (D:1)
  2 frilled lizards (D:1)
  2 rats (D:1)
30 creatures vanquished.

Vanquished Creatures (others)
  A fungus (D:2)
  2 plants (D:2)
3 creatures vanquished.

Grand Total: 33 creatures vanquished

Notes
Turn   | Place    | Note
-------+----------+-------------------------------------------
     0 | D:1      | qw the Tengu Warper began the quest for the Orb.
     0 | D:1      | Reached XP level 1. HP: 12/12 MP: 4/4
     0 | D:1      | 0 ||| qw: Version: 0.1-a-89-g26bdef1
     0 | D:1      | 0 ||| qw: Game counter: 2880
     0 | D:1      | 0 ||| qw: Always use a shield: true
     0 | D:1      | 0 ||| qw: God list: Okawaru
     0 | D:1      | 0 ||| qw: Allow faded altars: false
     0 | D:1      | 0 ||| qw: Do Orc after D:15 true
     0 | D:1      | 0 ||| qw: Do second Lair branch before Depths: true
     0 | D:1      | 0 ||| qw: Lair rune preference: random
     0 | D:1      | 0 ||| qw: Plans: Normal
     0 | D:1      | 0 ||| PLANNING D:1-11
   216 | D:1      | Reached skill level 3 in Axes
   216 | D:1      | Reached XP level 2. HP: 17/17 MP: 6/6
   230 | D:1      | 230 ||| Stepping ~*~*~tactically~*~*~ (hiding).
   231 | D:1      | 231 ||| Stepping ~*~*~tactically~*~*~ (hiding).
   688 | D:1      | Reached XP level 3. HP: 20/21 MP: 7/7
  1130 | D:1      | 1130 ||| UPGRADING to +3 leather armour of willpower.
  1140 | D:1      | 1140 ||| DROPPING +0 leather armour.
  1141 | D:1      | 1141 ||| READING scroll labelled VOQUODDIRRA.
  1145 | D:1      | 1145 ||| DRINKING 2 murky black potions.
  1146 | D:1      | 1146 ||| DROPPING scroll of blinking.
  1147 | D:1      | 1147 ||| DROPPING potion of brilliance.
  1176 | D:2      | 1176 ||| STAIRDANCE
  1181 | D:2      | 1181 ||| STAIRDANCE
  1222 | D:2      | Reached skill level 4 in Axes
  1222 | D:2      | 1222 ||| STAIRDANCE
  1327 | D:2      | Found a faded altar of an unknown god.
  1916 | D:2      | 1916 ||| READING scroll labelled DOCHIR GIEPEWO.
  1917 | D:2      | 1917 ||| READING scroll labelled FIG JEHOCI.
  1918 | D:2      | 1918 ||| READING scroll labelled MAFUPA KONYESE.
  1919 | D:2      | 1919 ||| READING scroll labelled ZOGANW QEGO.
  1920 | D:2      | 1920 ||| READING scroll labelled DOLOQI ERHIH.
  1921 | D:2      | 1921 ||| DRINKING 2 viscous green potions.
  1922 | D:2      | 1922 ||| Stepping randomly (stuck).
  1923 | D:2      | 1923 ||| Stepping ~*~*~tactically~*~*~ (cloud).
  1926 | D:2      | HP: 4/21 [poisoned by you (poison gas)]
  1930 | D:2      | HP: 1/21 [poisoned by you (poison gas)]
  1931 | D:2      | Succumbed to their own poison gas

Levels and vault maps discovered:
D:1:      dpeg_arrival_simpleton_b, layout_loops_corners,
          hangedman_abyss_or_decor_stabs
D:2:      layout_loops_ring, shapermc_ecumenical_altar_mp_urbaneastern,
          kennysheep_generic_room_7

Skill      XL: |  1  2  3 |
---------------+----------+-----
Axes           | 3 4 |  4.3
Fighting       | |  2.0
Throwing       | |  1.0
Armour         | |  1.1
Dodging        | |  2.1
Spellcasting   | |  2.0
Translocations | |  2.4

Action                   || total
-------------------------++-------
Melee: Hand axe          ||    53
       Kick              ||    15
       Peck              ||     9
Throw: Boomerang         ||     7
  Use: Scroll            ||     6
       Potion            ||     2
Armor: Leather armour    ||    17
Dodge: Dodged            ||    24

Table legend:
 A = Non-vault XP
 B = Vault XP
 C = Vault XP percentage of total XP
 D = Non-vault monster count
 E = Vault monster count
 F = Vault count percentage of total count
                 A         B        C        D         E       F
            +---------+---------+-------+---------+---------+-------
      Total |      69 |       0 |   0.0 |      30 |       0 |   0.0
            +---------+---------+-------+---------+---------+-------
        D:1 |      44 |       0 |   0.0 |      24 |       0 |   0.0
        D:2 |      25 |       0 |   0.0 |       6 |       0 |   0.0
            +---------+---------+-------+---------+---------+-------
